 Dungeon Crawl Stone Soup version 0.29.1-12-g30fa7ad0bf (webtiles) character file.

Game seed: 7837100694114348286

31 polio18 the Ducker (level 3, 0/29 HPs)
             Began as a Human Monk on Jan 4, 2023.
             Slain by Terence
             ... wielding a +0 flail
              (4 damage)
             ... on level 2 of the Dungeon.
             The game lasted 00:02:50 (1112 turns).

polio18 the Ducker (Human Monk)                     Turns: 1112, Time: 00:02:50

Health: 0/29       AC:  5    Str: 13    XL:     3   Next: 40%
Magic:  3/3        EV: 13    Int: 10    God:
Gold:   22         SH:  0    Dex: 15    Spells: 2/2 levels left

rFire   . . .      SeeInvis .   a - +0 falchion
rCold   . . .      Faith    .   j - orb {light}
rNeg    . . .      Spirit   .   b - +0 robe
rPois   .          Reflect  .   (no helmet)
rElec   .          Harm     .   (no cloak)
rCorr   .          Rampage  .   k - +1 pair of gloves
Will    .....                   e - +0 pair of boots
Stlth   +.........              (no amulet)
HPRegen 0.09/turn               (no ring)
MPRegen 0.08/turn               (no ring)

@: glowing
A: no striking features
a: no special abilities


You were on level 2 of the Dungeon.
You visited 1 branch of the dungeon, and saw 2 of its levels.

You collected 22 gold pieces.

Inventory:

Hand Weapons
 a - a +0 falchion (weapon)
Armour
 b - a +0 robe (worn)
 e - a +0 pair of boots (worn)
 j - an orb of light (worn)
 k - a +1 pair of gloves (worn)
Scrolls
 g - 3 scrolls of identify {unknown}
 h - a scroll of magic mapping {unknown}
 i - a scroll of butterflies {unknown}
Potions
 c - a potion of ambrosia
 d - a potion of magic {unknown}
 f - 2 potions of heal wounds {unknown}
 l - 2 potions of curing {unknown}


   Skills:
 + Level 3.4 Fighting
 + Level 3.3 Long Blades
 + Level 3.4 Dodging
 + Level 2.0 Stealth


You had 2 spell levels left.
You didn't know any spells.
Your spell library contained the following spells:

 Spells                   Type           Power      Damage    Failure   Level
 Summon Small Mammal      Summ           0%         N/A       36%         1
 Call Canine Familiar     Summ           0%         N/A       75%         3
 Summon Guardian Golem    Hex/Summ       0%         N/A       75%         3


Dungeon Overview and Level Annotations

Branches:
Dungeon (2/15)

Altars:

Annotations:
D:2 Terence


Message History

A quokka is nearby!
You hit the quokka but do no damage. The quokka closely misses you.
The quokka misses you.
You slash the quokka!
You kill the quokka!
You see here a quokka corpse.
Done exploring.
Done exploring.
There is a stone staircase leading down here.
You climb downwards.
Found 8 stones.
Found a stone staircase leading up.
There is a stone staircase leading up here.
The quokka barely misses you.
You hit Terence but do no damage. The quokka misses you.
Terence hits you with a +0 flail.
You barely miss Terence. The quokka closely misses you. Terence misses you.
You hit Terence but do no damage. The quokka misses you.
The quokka closely misses you. Terence barely misses you.
You hit Terence but do no damage. The quokka barely misses you.
Terence closely misses you.
You hit Terence.
Terence is lightly wounded.
The quokka barely misses you. Terence shouts, "Now you die!"
Terence hits you with a +0 flail! The quokka completely misses you.
You hit Terence but do no damage.
Terence is lightly wounded.
Terence hits you with a +0 flail!
* * * LOW HITPOINT WARNING * * *
The quokka misses you.
You barely miss Terence.
Terence is lightly wounded.
Terence hits you with a +0 flail.
* * * LOW HITPOINT WARNING * * *
The quokka completely misses you. Terence misses you.
The quokka completely misses you.
The quokka bites you but does no damage.
There is a stone staircase leading up here.
The quokka barely misses you. Terence hits you with a +0 flail.
You die...

#. .. ##.###.
### ....... ...
....<..####.###
..............#
...(........#.##
........r.......
.......@@#
##...##### #.


You could see Terence and a quokka.

Vanquished Creatures
  2 dart slugs (D:1)
  A ball python (D:1)
  2 endoplasms (D:1)
  A giant cockroach (D:1)
  A goblin (D:1)
  4 hobgoblins (D:1)
  4 jackals (D:1)
  2 quokkas (D:1)
  3 bats (D:1)
  A frilled lizard (D:1)
  A kobold (D:1)
  A rat (D:1)
23 creatures vanquished.

Notes
Turn   | Place    | Note
-------+----------+-------------------------------------------
     0 | D:1      | polio18 the Human Monk began the quest for the Orb.
     0 | D:1      | Reached XP level 1. HP: 18/18 MP: 1/1
   477 | D:1      | Reached XP level 2. HP: 24/24 MP: 2/2
   816 | D:1      | Reached XP level 3. HP: 29/29 MP: 3/3
  1102 | D:2      | Noticed Terence
  1112 | D:2      | Slain by Terence

Illustrated notes

Levels and vault maps discovered:
D:1:      minmay_arrival_hallway, layout_basic, st_stairs_8, minmay_tromino_v4_b
D:2:      layout_basic, chequers_ecumenical_altar_grove, uniq_jessica,
          uniq_robin, uniq_terence

Action                   || total
-------------------------++-------
Melee: Falchion          ||    75
       Punch             ||     1
 Stab: Sleeping          ||     1
Armor: Robe              ||    13
Dodge: Dodged            ||    63
